 Dungeon Crawl Stone Soup version 0.20-a0-854-g0cc194a (console) character file.

198 itsmu the Gusty (level 5, -9/42 HPs)
             Began as a Naga Air Elementalist on Mar 11, 2017.
             Killed by divine providence
             ... invoked by an orc priest
              (12 damage)
             ... on level 2 of the Dungeon.
             The game lasted 00:13:45 (3101 turns).

itsmu the Gusty (Naga Air Elementalist)             Turns: 3101, Time: 00:13:46

Health: -9/42      AC:  3    Str: 12    XL:     5   Next: 77%
Magic:  0/8        EV: 10    Int: 17    God:
Gold:   119        SH:  0    Dex: 11    Spells: 1/8 levels left

rFire    . . .     SeeInvis +   b - +2 dagger (drain)
rCold    . . .     Gourm    .   g - +0 robe
rNeg     . . .     Faith    .   (no shield)
rPois    +         Spirit   .   v - +1 hat {SInv}
rElec    .         Reflect  .   (no cloak)
rCorr    .         Harm     .   (no gloves)
MR       .....                  (no barding)
Stlth    ++........             (no amulet)
Regen    0.2/turn               (no ring)
MPRegen  0.2/turn               (no ring)

@: very slightly contaminated, invisible, very slow
A: see invisible, deformed body, high mp 1, poison resistance, slowness 2, slow
metabolism 1, spit poison 1, strong 1, no potion heal 1, AC +1
a: Spit Poison


You were on level 2 of the Dungeon.
You were not hungry.

You visited 1 branch of the dungeon, and saw 3 of its levels.

You collected 119 gold pieces.

Inventory:

Hand Weapons
 a - a +0 short sword of venom
   (You took it off a kobold on level 1 of the Dungeon)
 b - a +2 dagger of draining (weapon)
   (You found it on level 1 of the Dungeon)
 i - a +0 short sword
   (You took it off a kobold on level 1 of the Dungeon)
 m - a +2 whip of freezing
   (You took it off a kobold on level 1 of the Dungeon)
 r - a +0 vampiric short sword
   (You found it on level 3 of the Dungeon)
 w - a +0 trident of flaming
   (You found it on level 3 of the Dungeon)
Armour
 g - a +0 robe (worn)
 v - a +1 hat of see invisible (worn)
   (You found it on level 3 of the Dungeon)
Jewellery
 o - an uncursed amulet of harm {unknown}
   (You found it on level 2 of the Dungeon)
Scrolls
 d - a scroll of fog {unknown}
 e - a scroll of identify {unknown}
 f - 2 scrolls of remove curse
 h - 2 scrolls of amnesia {unknown}
 l - a scroll of random uselessness {unknown}
 n - a scroll of magic mapping {unknown}
 p - a scroll of recharging {unknown}
 t - a scroll of enchant weapon {unknown}
 x - 2 scrolls of teleportation {unknown}
Books
 k - a book of Air

   Spells                             Type                      Level
   a - Shock                          Conjuration/Air              1
   b - Swiftness                      Charms/Air                   2
   c - Static Discharge               Conjuration/Air              3
   d - Airstrike                      Air                          4
   e - Lightning Bolt                 Conjuration/Air              5
Comestibles
 c - a bread ration
 j - 2 chunks of flesh
 q - a royal jelly
 s - 2 meat rations


   Skills:
 - Level 1.5 Dodging
 - Level 3.0 Stealth
 - Level 2.0 Spellcasting
 + Level 3.2 Conjurations
 * Level 5.3 Air Magic


You had one spell level left.
You knew the following spells:

 Your Spells              Type           Power        Failure   Level  Hunger
a - Shock                 Conj/Air       ###.         3%          1    #......
b - Airstrike             Air            ###.......   24%         4    #####..
z - Swiftness             Chrm/Air       ##......     12%         2    ###....


Dungeon Overview and Level Annotations

Branches:
Dungeon (3/15)

Altars:

Annotations:
D:3 Robin


Innate Abilities, Weirdness & Mutations

You cannot wear boots.
Your serpentine skin is tough. (AC +1)
You have supernaturally acute eyesight. (SInv)
Armour fits poorly on your strangely shaped body.
Your system is resistant to poisons. (rPois)
You cover ground very slowly.
You have a slow metabolism.
You can spit poison.
You have an increased reservoir of magic. (+10% MP)
Your muscles are strong. (Str +2)
Potions are less effective at restoring your health.


Message History

Aim: an orc priest, wielding a hand axe and wearing a ring mail (heavily wounded, heavily drained)
The air twists around and strikes the orc priest!
The orc priest is severely wounded.
The orc priest misses you.
You barely miss the orc priest.
The orc priest is severely wounded.
You have got your breath back.
The orc priest hits you with a hand axe.
* * * LOW HITPOINT WARNING * * *
You barely miss the orc priest.
The orc priest is severely wounded.
You closely miss the orc priest.
The orc priest is severely wounded.
The orc priest misses you.
You hit the orc priest but do no damage.
You drain the orc priest!
The orc priest is almost dead.
The orc priest invokes the aid of Beogh against you.
Beogh smites you!
You die...

#......###.......................
#........+.......................
#......###...........#<....#.####
#......# #...........#.....#.....
#......# #.................#.###.
#......# #######........)........
####.#.# ###(................
#.#.#######.#.................
#............M................
###.#######..o)...............
#.# ###.#....##.#..#.####.
##'#####.....................
#........#.#(...####.........
#........#.#....####....####.
#........#..............# #<
##...................#..# #.
######.#######......######..####.


You could see an orc priest.

Vanquished Creatures
  Ijyb (D:2)
  Natasha (thrice) (D:3 D:2)
  2 adders
  3 worms
  3 dart slugs
  2 leopard geckos
  2 orcs (D:3)
  3 bats (D:1)
  7 giant cockroaches
  11 goblins
  6 hobgoblins
  10 kobolds
  2 quokkas
  A ball python (D:2)
  2 frilled lizards
  5 rats
  A plant (D:1)
64 creatures vanquished.

Notes
Turn   | Place    | Note
-------+----------+-------------------------------------------
     0 | D:1      | itsmu the Naga Air Elementalist began the quest for the Orb.
     0 | D:1      | Reached XP level 1. HP: 15/15 MP: 3/3
   185 | D:1      | Reached XP level 2. HP: 22/22 MP: 3/5
   344 | D:1      | Learned a level 2 spell: Swiftness
  1032 | D:1      | Reached XP level 3. HP: 28/28 MP: 6/6
  1278 | D:2      | Noticed Ijyb
  1288 | D:2      | Reached skill level 4 in Air Magic
  1333 | D:2      | Killed Ijyb
  1333 | D:2      | Reached XP level 4. HP: 21/36 MP: 4/7
  1384 | D:2      | Learned a level 4 spell: Airstrike
  2203 | D:3      | Noticed Natasha
  2212 | D:3      | Killed Natasha
  2251 | D:3      | Noticed Natasha
  2264 | D:2      | Killed Natasha
  2264 | D:2      | Reached skill level 5 in Air Magic
  2264 | D:2      | Reached XP level 5. HP: 19/42 MP: 8/8
  2271 | D:2      | Noticed Natasha
  2295 | D:3      | Noticed Robin
  2295 | D:3      | uh oh
  2297 | D:2      | everything is bad
  2298 | D:2      | Gained mutation: Potions are less effective at restoring your health. [potion of mutation]
  2298 | D:2      | Gained mutation: Your muscles are strong. (Str +2) [potion of mutation]
  2298 | D:2      | Gained mutation: You have an increased reservoir of magic. (+10% MP) [potion of mutation]
  2301 | D:2      | Killed Natasha
  3094 | D:2      | erm
  3101 | D:2      | Killed from afar by an orc priest

Vault maps used:
D:1:      roderic_crop_circles_arrival_small
D:2:      hangedman_feature_mirror, uniq_iyjb
D:3:      wad_crossroads, uniq_robin, uniq_natasha

Skill      XL: |  1  2  3  4  5 |
---------------+----------------+-----
Air Magic      | 4 5 |  5.3
Conjurations   | 2 3 |  3.2
Dodging        | |  1.5
Stealth        | |  3.0
Spellcasting   | |  2.0

Action                   |  1- 3 |  4- 6 || total
-------------------------+-------+-------++-------
Melee: Unarmed           |     1 |       ||     1
       Dagger            |    79 |    66 ||   145
       Short sword       |    13 |       ||    13
       Whip              |     5 |       ||     5
 Cast: Shock             |     6 |     4 ||    10
       Airstrike         |       |     1 ||     1
 Abil: Spit Poison       |    31 |    31 ||    62
  Use: Scroll            |     1 |       ||     1
       Potion            |       |     4 ||     4
 Stab: Sleeping          |       |     3 ||     3
  Eat: Chunk             |     2 |     7 ||     9
Armor: Robe              |     7 |     8 ||    15
Dodge: Dodged            |    17 |    28 ||    45
